Map: Ruins of Seras

Players

SamurCat - Winner!

  • Race: Protoss Protoss
  • League: Gold

benogan

  • Race: Protoss Protoss
  • League: Platinum

VOD

Have the link to the VOD?

Description

Time

  • Played on: Feb. 27, 2016, 9:56 p.m.
  • Length: 12:03
Show
View Real Time Build Order
Export as new Build Order

SamurCat Protoss - Winner!

Build Orders: Nexus First 

Get SALT Encoding   

  12  0:02  Probe (Chrono Boost)  
  13  0:13  Probe (Chrono Boost)  
  14  0:18  Pylon  
  14  0:23  Probe (Chrono Boost)  
  15  0:36  Probe (Chrono Boost)  
  16  0:47  Probe (Chrono Boost)  
  17  1:01  Nexus  
  17  1:10  Gateway  
  17  1:19  Assimilator  
  17  1:20  Probe (Chrono Boost)  
  17  1:24  Assimilator  
  18  1:30  Probe (Chrono Boost)  
  19  1:44  Pylon  
  20  1:47  Probe (Chrono Boost)  
  20  1:57  Probe (Chrono Boost)  
  21  2:08  Probe (Chrono Boost)  
  22  2:13  Probe (Chrono Boost)  
  23  2:18  Probe (Chrono Boost)  
  23  2:20  Cybernetics Core  
  24  2:24  Probe (Chrono Boost)  
  24  2:29  Probe (Chrono Boost)  
  26  2:34  Probe (Chrono Boost)  
  27  2:39  Probe (Chrono Boost)  
  28  2:45  Probe (Chrono Boost)  
  28  2:50  Probe (Chrono Boost)  
  30  2:51  Warp Gate (Chrono Boost)  
  30  2:56  Gateway  
  31  3:01  Probe (Chrono Boost), Mothership Core (Chrono Boost)  
  31  3:05  Robotics Facility  
  33  3:08  Pylon  
  33  3:11  Probe (Chrono Boost), Stalker  
  34  3:19  Probe  
  37  3:22  Probe  
  38  3:31  Probe  
  39  3:34  Probe  
  40  3:43  Probe  
  40  3:46  Probe, Pylon  
  42  3:51  Stargate  
  43  3:55  Probe  
  43  3:56  Assimilator  
  43  3:58  Probe  
  43  4:01  Assimilator  
  45  4:03  Observer (Chrono Boost)  
  45  4:07  Probe  
  46  4:11  Probe  
  47  4:19  Probe  
  47  4:22  Immortal (Chrono Boost)  
  47  4:23  Probe  
  53  4:27  Gateway  
  53  4:29  Gateway  
  53  4:32  Probe, Gateway  
  53  4:34  Gateway  
  53  4:35  Probe, Phoenix  
  53  4:46  Probe  
  53  4:47  Probe  
  54  4:58  Probe  
  54  4:59  Oracle  
  50  5:04  Probe  
  53  5:10  Probe  
  51  5:16  Probe  
  52  5:23  Probe, Immortal (Chrono Boost)  
  52  5:28  Probe  
  58  5:35  Probe  
  59  5:39  Phoenix  
  59  5:40  Probe  
  62  5:46  Pylon  
  62  5:47  Pylon  
  62  5:48  Pylon x2  
  62  6:04  Probe x2  
  62  6:05  Warp Prism (Chrono Boost)  
  66  6:17  Probe  
  60  6:37  Phoenix  
  60  6:38  Stalker  
  60  6:39  Stalker x5  
  72  6:51  Immortal (Chrono Boost)  
  72  7:01  Forge  
  72  7:02  Phoenix  
  74  7:21  Nexus  
  74  7:22  Zealot x5  
  80  7:23  Zealot  
  74  7:43  Stalker x6  
  74  8:22  Stalker x2, Phoenix  
  74  8:23  Stalker x4  
  82  8:41  Probe x3  
  76  8:47  Photon Cannon, Phoenix  
  75  8:51  Probe  
  75  8:53  Probe x2  
  70  9:02  Probe  
  68  9:05  Probe x2  
  68  9:08  Stalker x4  
  79  9:10  Pylon  
  79  9:12  Phoenix  
  79  9:14  Pylon  
  81  9:17  Pylon  
  81  9:25  Photon Cannon  
  81  9:26  Probe  
  81  9:27  Probe x2  
  84  9:37  Stalker x3  
  90  9:39  Probe  
  90  9:40  Probe  
  92  9:46  Assimilator  
  92  9:48  Assimilator  
  80  10:10  Photon Cannon  
  80  10:15  Probe  
  80  10:16  Probe x2  
  80  10:17  Photon Cannon  
  80  10:20  Stalker x5  
  93  10:23  Photon Cannon  
  93  10:28  Probe  
  94  10:35  Stalker  
  83  11:01  Stalker x4  
  83  11:02  Stalker x2  
  86  11:30  Stalker x4  
  86  11:31  Stalker x2  
Show
View Real Time Build Order
Export as new Build Order

benogan Protoss 

Build Orders: Nexus First, Oracle Opening, Phoenix Opening 

Get SALT Encoding   

  12  0:02  Probe (Chrono Boost)  
  13  0:12  Probe (Chrono Boost)  
  14  0:22  Pylon  
  14  0:23  Probe (Chrono Boost)  
  15  0:40  Probe (Chrono Boost)  
  16  0:51  Probe (Chrono Boost)  
  17  1:01  Nexus  
  17  1:10  Gateway  
  17  1:15  Assimilator  
  17  1:18  Probe (Chrono Boost)  
  18  1:28  Assimilator  
  18  1:29  Probe (Chrono Boost)  
  19  1:39  Probe (Chrono Boost)  
  20  1:50  Probe (Chrono Boost)  
  21  2:00  Probe (Chrono Boost)  
  22  2:01  Cybernetics Core  
  22  2:08  Pylon  
  22  2:13  Probe (Chrono Boost)  
  23  2:18  Probe (Chrono Boost)  
  24  2:25  Probe (Chrono Boost)  
  24  2:28  Probe (Chrono Boost)  
  26  2:35  Probe (Chrono Boost)  
  27  2:38  Stargate  
  27  2:39  Probe (Chrono Boost)  
  28  2:44  Stargate  
  28  2:46  Probe (Chrono Boost)  
  28  2:49  Probe (Chrono Boost)  
  30  2:52  Assimilator  
  30  2:57  Pylon  
  30  3:21  Oracle  
  34  3:27  Probe x2 (Chrono Boost)  
  34  3:30  Assimilator  
  35  3:35  Gateway  
  35  3:38  Probe x2 (Chrono Boost), Oracle  
  40  3:48  Probe (Chrono Boost)  
  41  3:53  Probe (Chrono Boost)  
  42  3:57  Phoenix  
  42  3:59  Probe (Chrono Boost)  
  45  4:04  Probe (Chrono Boost)  
  45  4:09  Probe (Chrono Boost)  
  47  4:14  Probe (Chrono Boost), Phoenix  
  50  4:20  Probe (Chrono Boost)  
  51  4:25  Probe (Chrono Boost)  
  51  4:28  Nexus  
  49  5:16  Phoenix  
  49  5:20  Phoenix (Chrono Boost)  
  53  5:23  Protoss Air Weapons Level 1  
  50  5:34  Pylon  
  50  5:38  Pylon  
  50  5:41  Phoenix (Chrono Boost)  
  50  5:42  Pylon  
  52  5:45  Pylon, Phoenix (Chrono Boost)  
  52  5:46  Probe x2  
  52  5:47  Probe  
  57  5:52  Pylon  
  57  5:57  Probe  
  57  5:58  Probe  
  57  5:59  Probe  
  57  6:03  Phoenix (Chrono Boost)  
  62  6:07  Phoenix (Chrono Boost)  
  64  6:25  Phoenix (Chrono Boost)  
  63  6:29  Phoenix (Chrono Boost)  
  65  6:47  Phoenix (Chrono Boost)  
  67  6:54  Phoenix (Chrono Boost)  
  67  7:00  Probe  
  68  7:01  Probe x2  
  68  7:05  Pylon  
  68  7:07  Pylon  
  70  7:09  Phoenix (Chrono Boost)  
  70  7:10  Assimilator  
  70  7:11  Fleet Beacon  
  70  7:12  Assimilator  
  70  7:13  Probe  
  75  7:16  Phoenix (Chrono Boost)  
  73  7:30  Phoenix (Chrono Boost)  
  72  7:39  Phoenix (Chrono Boost)  
  66  7:52  Phoenix (Chrono Boost)  
  66  8:01  Phoenix (Chrono Boost)  
  66  8:04  Warp Gate  
  68  8:14  Phoenix (Chrono Boost)  
  61  8:27  Phoenix (Chrono Boost)  
  49  8:35  Phoenix (Chrono Boost)  
  52  8:48  Phoenix (Chrono Boost)  
  52  9:01  Carrier (Chrono Boost)  
  52  9:02  Graviton Catapult  
  58  9:03  Probe  
  59  9:15  Probe  
  60  9:26  Pylon  
  60  9:27  Probe  
  60  9:29  Pylon  
  61  9:32  Pylon  
  61  9:33  Pylon  
  61  9:35  Pylon  
  61  9:38  Pylon  
  61  9:39  Probe  
  61  9:45  Carrier (Chrono Boost)  
  68  9:51  Probe  
  67  10:13  Probe x2  
  69  10:16  Carrier (Chrono Boost)  
  75  10:25  Probe x2  
  75  10:37  Probe x2  
  75  11:17  Mothership Core  
Tags
 
Add a new tag
Caveats
  • Supply blocks, unpowered buildings, or Contaminate may cause inaccurate times.
  • Supply counts are checked every 10 seconds.